 Dungeon Crawl Stone Soup version 0.27-a0-1324-ge0d8e047f6 (webtiles) character file.

Game seed: 17578737232069743656

2051 Wobber the Destroyer (level 9, -1/46 (52) HPs)
             Began as a Tengu Conjurer on June 23, 2021.
             Was a Follower of Sif Muna.
             Slain by Joseph (12 damage)
             ... on level 7 of the Dungeon.
             The game lasted 00:25:32 (6686 turns).

Wobber the Destroyer (Tengu Conjurer)               Turns: 6686, Time: 00:25:34

HP:   -1/46 (52)    AC: 10    Str:  7    XL:     9   Next: 25%
MP:   0/17          EV: 14    Int: 22    God:    Sif Muna [*.....]
Gold: 384           SH:  0    Dex: 13    Spells: 11/17 levels left

rFire    . . .     SeeInvis .   i - staff of poison
rCold    . . .     Faith    .   (no shield)
rNeg     . . .     Spirit   .   s - +3 leather armour {rPois}
rPois    +         Reflect  .   (helmet restricted)
rElec    .         Harm     .   (no cloak)
rCorr    .         Rampage  .   (no gloves)
Will     .....                  (boots unavailable)
Stlth    ++........             (no amulet)
HPRegen  0.15/turn              g - +4 ring of protection
MPRegen  0.15/turn              (no ring)

@: flying quickly and evasively, heavily drained, quick
A: beak, talons 3, nimble flight
a: Renounce Religion, Channel Magic


You were on level 7 of the Dungeon.
You worshipped Sif Muna.
Sif Muna was aware of your devotion.
You visited 1 branch of the dungeon, and saw 7 of its levels.

You collected 384 gold pieces.

Inventory:

Hand Weapons
 o - a +0 rapier
 q - a +2 short sword of protection
 u - a +2 flail of holy wrath
 v - a +0 short sword of holy wrath
Missiles
 b - 138 stones
 h - 2 throwing nets
 t - 32 poisoned darts
Armour
 a - a +1 robe
 s - a +3 leather armour of poison resistance (worn)
Magical Staves
 i - a staff of poison (weapon)
 k - a staff of earth
Jewellery
 d - a ring of fire
 g - a +4 ring of protection (left hand)
Wands
 j - a wand of polymorph (10)
Scrolls
 f - a scroll of enchant weapon
 p - a scroll of amnesia
Potions
 c - a potion of degeneration {unknown}
 e - a potion of brilliance {unknown}
 l - 2 potions of mutation
 n - 3 potions of curing
 z - a potion of attraction {unknown}


   Skills:
 + Level 4.5 Fighting
 + Level 3.8 Armour
 - Level 3.8 Dodging
 - Level 2.0 Stealth
 + Level 4.7 Spellcasting
 * Level 10.4 Conjurations
 - Level 4.4 Air Magic
 - Level 1.1 Poison Magic
 + Level 2.2 Invocations


You had 11 spell levels left.
You knew the following spells:

 Your Spells              Type           Power      Damage    Failure   Level
a - Magic Dart            Conj           100%       1d8       1%          1
b - Searing Ray           Conj           100%       3d7       1%          2
c - Mephitic Cloud        Conj/Pois/Air  43%        N/A       4%          3

Your spell library contained the following spells:

 Spells                   Type           Power      Damage    Failure   Level
 Conjure Flame            Conj/Fire      28%        6-21      5%          3
 Dazzling Flash           Conj/Hex       56%        N/A       5%          3
 Corona                   Hex            5%         N/A       16%         1
 Fulminant Prism          Conj/Hex       14%        3d9       17%         4
 Iskenderun's Mystic Bla  Conj/Tloc      28%        2d7       17%         4
 Blink                    Tloc           N/A        N/A       22%         2
 Call Imp                 Summ           5%         N/A       22%         2
 Ensorcelled Hibernation  Hex/Ice        10%        N/A       22%         2
 Slow                     Hex            5%         N/A       22%         2
 Confusing Touch          Hex            5%         N/A       41%         3
 Tukima's Dance           Hex            5%         N/A       41%         3


Dungeon Overview and Level Annotations

Branches:
Dungeon (7/15)             Temple (0/1) D:7

Altars:
Dithmenos
Fedhas
Hepliaklqana
Qazlal
Sif Muna
Vehumet
The Shining One

Annotations:
D:7 Joseph


Innate Abilities, Weirdness & Mutations

You have a beak for a mouth.
You have claws for feet.
Your magical nature lets you fly swiftly and evasively.


Message History

The searing ray misses Joseph.
Joseph shoots a sling bullet.
The sling bullet hits you!
Joseph unwields a +0 hunting sling.
Joseph wields a +2 quarterstaff of draining.
You sense an unholy aura.
Joseph closely misses you.
You hit Joseph but do no damage. You claw Joseph, but do no damage.
Joseph is severely wounded.
Joseph closely misses you.
You hit Joseph but do no damage.
Joseph is severely wounded.
Joseph hits you with a +2 quarterstaff of draining.
* * * LOW HITPOINT WARNING * * *
You feel drained.
Casting: Searing Ray (safe; 1% risk of failure)
Confirm with . or Enter, or press ? or * to list all spells.
Aiming: Magic Dart (safe; 1% risk of failure)
Press: ? - help, Shift-Dir - straight line, f/p - Joseph
Aim: Joseph, wielding a +2 quarterstaff of draining, wearing a +3 ring mail of poison resistance and quivering sling bullets (severely wounded, 100% to hit)
The magic dart hits Joseph but does no damage.
Joseph is severely wounded.
Joseph barely misses you.
You hit Joseph but do no damage. You peck Joseph.
Joseph is almost dead.
Joseph hits you but does no damage.
You feel drained.
You feel better.
Joseph hits you with a +2 quarterstaff of draining!
You feel drained.
* * * LOW HITPOINT WARNING * * *
You hit Joseph. Your kick misses Joseph.
Joseph is almost dead.
Joseph hits you but does no damage.
You feel drained.
Casting: Magic Dart (safe; 1% risk of failure)
Confirm with . or Enter, or press ? or * to list all spells.
Aiming: Magic Dart (safe; 1% risk of failure)
Press: ? - help, Shift-Dir - straight line, f/p - Joseph
Aim: Joseph, wielding a +2 quarterstaff of draining, wearing a +3 ring mail of poison resistance and quivering sling bullets (almost dead, 100% to hit)
The magic dart hits Joseph.
Joseph is almost dead.
Joseph hits you with a +2 quarterstaff of draining!
You die...

................#####..###
...(............##........
....@.....................
...........#.#.###........
...........#.#.###........
...........#.#.#..........
#########..#.......####...
####.@.........## ###.
######....@.##.#.##..# #.
##...........##...##..# ##
##....>.......###...##.## #
#..................###..# #
#..................# #..# #
#..............##..#
#..#####
#..............##..#
#.......
#..............##).#
#....###
##............#....####...#


You could see Joseph.

Vanquished Creatures
  Grinder (D:4)
  A water moccasin (D:7)
  An ice beast (D:5)
  A sky beast (D:6)
  5 ogres
  A centaur (D:5)
  A kobold brigand (D:5)
  A bullfrog (D:6)
  2 scorpions
  2 centaur zombies
  2 hounds
  3 jellies
  A bullfrog skeleton (D:6)
  A gnoll shaman (D:7)
  A centaur skeleton (D:7)
  4 iguanas
  3 orc wizards
  A scorpion zombie (D:5)
  A killer bee zombie (D:6)
  A howler monkey zombie (D:7)
  13 gnolls
  2 adders
  4 shadow imps
  4 ufetubi
  2 dart slugs
  11 orcs
  7 bats
  7 endoplasms
  3 giant cockroaches
  6 goblins
  5 hobgoblins
  3 jackals (D:2)
  20 kobolds
  4 quokkas
  6 ball pythons
  2 frilled lizards
  5 rats
138 creatures vanquished.

Notes
Turn   | Place    | Note
-------+----------+-------------------------------------------
     0 | D:1      | Wobber the Tengu Conjurer began the quest for the Orb.
     0 | D:1      | Reached XP level 1. HP: 10/10 MP: 4/4
   144 | D:1      | Reached XP level 2. HP: 16/16 MP: 0/6
   267 | D:1      | Learned a level 2 spell: Searing Ray
   497 | D:1      | Reached XP level 3. HP: 20/20 MP: 0/7
   551 | D:1      | Reached skill level 1 in Fighting
   999 | D:1      | Learned a level 3 spell: Mephitic Cloud
  1092 | D:2      | Reached skill level 6 in Conjurations
  1295 | D:2      | Found a faded altar of an unknown god.
  1303 | D:2      | Reached XP level 4. HP: 25/25 MP: 3/8
  1445 | D:2      | Reached skill level 1 in Air Magic
  1934 | D:3      | Gained mutation: Your magical nature lets you fly swiftly
                  | and evasively. [Tengu growth]
  1934 | D:3      | Reached XP level 5. HP: 29/29 MP: 6/9
  2025 | D:3      | Found a glowing golden altar of the Shining One.
  2032 | D:3      | Found a blossoming altar of Fedhas.
  2172 | D:3      | Reached skill level 1 in Poison Magic
  2264 | D:3      | Found a hazy altar of Hepliaklqana.
  2266 | D:3      | Found a shadowy altar of Dithmenos.
  2267 | D:3      | Noticed a shadow
  2685 | D:4      | Noticed Grinder
  2689 | D:4      | Paralysed by Grinder for 4 turns
  2693 | D:4      | Killed Grinder
  2694 | D:4      | Reached skill level 7 in Conjurations
  2694 | D:4      | Reached XP level 6. HP: 31/36 MP: 3/11
  2934 | D:4      | Reached XP level 7. HP: 36/40 MP: 6/12
  3430 | D:4      | Found a shimmering blue altar of Sif Muna.
  3433 | D:4      | Became a worshipper of Sif Muna the Loreminder
  3644 | D:5      | Entered Level 5 of the Dungeon
  3651 | D:5      | Reached skill level 8 in Conjurations
  3745 | D:5      | Reached skill level 1 in Armour
  4091 | D:5      | Reached XP level 8. HP: 46/46 MP: 5/14
  4358 | D:5      | Reached skill level 9 in Conjurations
  4496 | D:5      | Reached * piety under Sif Muna
  4861 | D:6      | Reached skill level 1 in Invocations
  5363 | D:6      | Found a radiant altar of Vehumet.
  5540 | D:6      | Reached skill level 10 in Conjurations
  5540 | D:6      | Reached XP level 9. HP: 52/52 MP: 11/16
  6415 | D:7      | Found a stormy altar of Qazlal.
  6566 | D:7      | Found a staircase to the Ecumenical Temple.
  6656 | D:7      | Noticed Joseph
  6686 | D:7      | Slain by Joseph

Illustrated notes

Levels and vault maps discovered:
D:1:      scummos_arrival_simple_crosswalls, layout_rooms
D:2:      layout_basic, basic_ecumenical_altar
D:3:      layout_basic, riverfiend_overflow_shadow_ancestor,
          amcnicky_altar_gilded, tso_oasis_becter
D:4:      layout_basic, lemuel_doored_altar, uniq_grinder
D:5:      layout_rooms, serial_park_tiny_pond
D:6:      layout_gridville, lemuel_round_altar
D:7:      layout_rooms, kennysheep_mini_moat,
          lemuel_mausoleum_altar_yredelemnul, minmay_temple_entry_antechambers,
          uniq_joseph

Skill      XL: |  1  2  3  4  5  6  7  8  9 |
---------------+----------------------------+-----
Fighting       | 1 2 3 4 |  4.5
Conjurations   | 6 7 8 10 | 10.4
Air Magic      | 1 2 3 4 |  4.4
Poison Magic   | 1 |  1.1
Dodging        | 3 |  3.8
Spellcasting   | 3 4 |  4.7
Armour         | 1 3 |  3.8
Invocations    | 1 2 |  2.2
Stealth        | |  2.0

Action                   |  1- 3 |  4- 6 |  7- 9 || total
-------------------------+-------+-------+-------++-------
Melee: Dagger            |     3 |       |       ||     3
       Peck              |     1 |       |     3 ||     4
       Short sword       |       |     9 |       ||     9
       Kick              |       |     3 |     2 ||     5
       Staff             |       |       |    12 ||    12
 Cast: Magic Dart        |    58 |    34 |    53 ||   145
       Searing Ray       |     7 |    15 |    48 ||    70
       Mephitic Cloud    |       |       |     8 ||     8
  Use: Scroll            |       |       |     9 ||     9
       Potion            |       |       |     2 ||     2
Armor: Robe              |     2 |     3 |       ||     5
       Leather armour    |       |       |    12 ||    12
Dodge: Dodged            |     4 |    14 |    27 ||    45

Table legend: (Time is in decaauts)
 A = Elapsed time spent in this place.
 B = Non-inter-level travel time spent in this place.
 C = Inter-level travel time spent in this place.
 D = Time resting spent in this place.
 E = Time spent auto-exploring this place.
 F = Levels seen in this place.
 G = Mean time per level.
                   A        B        C        D        E       F      G
               +--------+--------+--------+--------+--------+-----+--------+
         Total |   6425 |   6349 |     76 |    963 |   4282 |   7 |  917.9 |
       Dungeon |   6425 |   6349 |     76 |    963 |   4282 |   7 |  917.9 |
               +--------+--------+--------+--------+--------+-----+--------+

Top non-repeatable levels by time:
     D:5: 1115 daAuts
     D:1: 1056 daAuts
     D:6: 1029 daAuts
     D:4: 994 daAuts
     D:2: 820 daAuts
     D:7: 742 daAuts
     D:3: 667 daAuts
